 Adventure DCSS version bcrawl-1.27.3 (webtiles) character file.

Game seed: 7279380502539336349

613457 galech the Severer (level 15, 107/119 HPs)
             Began as a Demonspawn Fighter on Sept 21, 2020.
             Was the Champion of Okawaru.
             Quit the game in an ice cave.
             The game lasted 00:32:56 (18243 turns).

galech the Severer (Demonspawn Fighter)            Turns: 18243, Time: 00:32:56

Health: 107/119    AC: 33    Str: 25    XL:     15   Next: 41%
Magic:  18/18      EV:  4    Int: 10    God:    Okawaru [******]
Gold:   1094       SH: 17    Dex: 20    Spells: 14/14 levels left
                                        Lives:  1   Deaths: 1

rFire    + . .     SeeInvis +   Y - +3 broad axe (drain)
rCold    + + +     Gourm    +   k - +3 medium shield
rNeg     + . .     Faith    .   V - +2 crystal plate armour {rC+}
rPois    +         Spirit   .   (helmet unavailable)
rElec    +         Reflect  .   W - +0 cloak {rC+}
rCorr    .         Harm     .   C - +4 pair of gloves of the Five Visionaries {rPois Stlth+}
MR       +....                  I - +1 pair of boots of Inevitability {Dex+6 Stlth-}
Stlth    ..........             A - amulet of Compassion {Gourm rF+ rN+}
HPRegen  0.29/turn              Z - ring "Birykh" {Ice Str+2}
MPRegen  0.16/turn              K - ring of insulation

@: no status effects
A: antennae 3, molten scales 1, agile 1, fire resistance 1, nightstalker 3,
spiny 2
a: Heroism, Finesse, Renounce Religion


You were in an ice cave.
You worshipped Okawaru.
Okawaru was exalted by your worship.
You were not hungry.

You visited 4 branches of the dungeon, and saw 18 of its levels.
You also visited: Sewer, Gauntlet, Ice Cave and Volcano.

You collected 2050 gold pieces.
You spent 956 gold pieces at shops.

Inventory:

Hand Weapons
 L - a +2 scimitar of flaming
 Y - a +3 broad axe of draining (weapon)
Armour
 a - +0 acid dragon scales
 k - a +3 medium shield (worn)
 n - the +4 chain mail "Selid" {Str+6}
   (Okawaru gifted it to you on level 11 of the Dungeon)

   It affects your strength (+6).
 q - the +2 cloak of Bad Feelings {rF++}
   (You found it in a Gauntlet)

   It greatly protects you from fire.
 C - the +4 pair of gloves of the Five Visionaries (worn) {rPois Stlth+}
   (You bought it in a shop on level 4 of the Dungeon)

   It protects you from poison.
   It makes you more stealthy.
 D - a +1 buckler of reflection
 I - the +1 pair of boots of Inevitability (worn) {Dex+6 Stlth-}
   (You bought it in a shop on level 4 of the Dungeon)

   It affects your dexterity (+6).
   It makes you less stealthy.
 Q - a +2 chain mail of magic resistance
 V - a +2 crystal plate armour of cold resistance (worn)
 W - a +0 cloak of cold resistance (worn)
 X - a +1 pair of boots of flying
Jewellery
 f - an uncursed ring of poison resistance
 h - an uncursed amulet of regeneration
 t - an uncursed ring of protection from fire
 w - an uncursed ring of magical power
 A - the amulet of Compassion (around neck) {Gourm rF+ rN+}
   (You found it in a Gauntlet)

   [amulet of the gourmand]

   It allows you to eat raw meat even when not hungry.
   It protects you from fire.
   It protects you from negative energy.
 K - a ring of insulation (right hand)
 R - the amulet of Keloefah {Rage rN+ MR++}
   (You took it off a centaur warrior on level 10 of the Dungeon)

   [amulet of rage]

   It protects you from negative energy.
   It affects your resistance to hostile enchantments.
 U - an uncursed amulet of the acrobat
 Z - the ring "Birykh" (left hand) {Ice Str+2}
   (You found it on level 11 of the Dungeon)

   [ring of ice]

   It enhances your ice magic.
   It affects your strength (+2).
   It makes you vulnerable to fire.
   It protects you from cold.
Wands
 b - a wand of enslavement (15)
 J - a wand of flame (15)
Scrolls
 g - a scroll of noise
 j - 5 scrolls of fog
 l - 5 scrolls of amnesia
 r - 3 scrolls of enchant armour
 s - 10 scrolls of teleportation
 x - 3 scrolls of fear
 y - a scroll of blinking
 B - 9 scrolls of identify
 E - 4 scrolls of remove curse
 H - a scroll of vulnerability
 M - 2 scrolls of acquirement {unknown}
 N - a scroll of immolation
Potions
 c - 3 potions of brilliance {unknown}
 d - a potion of might
 i - 3 potions of agility {unknown}
 m - 2 potions of heal wounds
 o - 4 potions of curing
 p - 4 potions of lignification {unknown}
 u - 4 potions of mutation
 v - 2 potions of flight {unknown}
 z - 3 potions of magic {unknown}
 F - 3 potions of resistance {unknown}
 G - 3 potions of cancellation {unknown}
 O - 3 potions of haste
Miscellaneous
 P - a phantom mirror
 S - a sack of spiders
 T - a lightning rod (4/4)
Comestibles
 e - 35 rations {!d}


   Skills:
 + Level 11.2 Fighting
 + Level 1.6 Long Blades
 + Level 16.0 Axes
 + Level 9.8 Armour
 + Level 3.4 Dodging
 + Level 2.6 Stealth
 + Level 12.8 Shields
 + Level 4.6 Invocations


You had 14 spell levels left.
You didn't know any spells.
Your spell library contained the following spells:

 Spells                   Type           Power        Failure   Level  Hunger
 Corona                   Hex            #......      100%        1    None
 Infusion                 Chrm           #.......     100%        1    None
 Sandblast                Erth           #.....       100%        1    None
 Slow                     Hex            #.......     100%        1    None
 Ensorcelled Hibernation  Hex/Ice        #.....       100%        2    ####...
 Flaming Arrows           Chrm/Fire      #.......     100%        2    ####...
 Shackle                  Hex            #.......     100%        2    ####...
 Song of Slaying          Chrm           #.......     100%        2    ####...
 Swiftness                Chrm/Air       #.......     100%        2    ####...
 Confuse                  Hex            #.......     100%        3    #####..
 Dazzling Orbs            Conj/Hex       #......      100%        3    #####..
 False Image              Hex/Summ       #.......     100%        3    #####..
 Inner Flame              Hex/Fire       N/A          100%        3    #####..
 Ozocubu's Armour         Chrm/Ice       #.......     100%        3    #####..
 Regeneration             Chrm/Necr      #.........   100%        3    #####..
 Spectral Weapon          Hex/Chrm       #.......     100%        3    #####..
 Tukima's Dance           Hex            #.......     100%        3    #####..
 Cause Fear               Hex            #.........   100%        4    ######.
 Yara's Violent Unravell  Hex/Tmut       #.........   100%        4    ######.
 Metabolic Englaciation   Hex/Ice        #.........   100%        5    #######
 Borgnjor's Vile Clutch   Necr/Erth      #.........   100%        6    #######
 Death Channel            Chrm/Necr      #.........   100%        6    #######
 Deflect Missiles         Chrm/Air       #.........   100%        6    #######
 Infestation              Hex/Tmut/Pois  #........    100%        6    #######
 Time Stop                Chrm/Tloc      N/A          100%        8    #######


Dungeon Overview and Level Annotations

Branches:
Dungeon (12/12)            Temple (1/1) D:4            Lair (4/6) D:8
 Shoals (0/3) Lair:3       Spider (0/3) Lair:2          Orc (1/1) D:9
    Elf (0/3) Orc          Vaults (0/3) D:12         Depths (0/5) D:12

Altars:
Ashenzari
Cheibriados
Dithmenos
Elyvilon
Fedhas
Gozag
Hepliaklqana
Kikubaaqudgha
Lugonu
Makhleb
Nemelex Xobeh
Okawaru
Qazlal
Sif Muna
Trog
Uskayaw
Vehumet
Xom
Yredelemnul
Zin
The Shining One
Beogh

Shops:
D:4 [   D:6 !   D:7 }   D:9 *   Orc %*}!=

Annotations:
D:5 2 transporters, dscm's ghost, amateur OpAc


Innate Abilities, Weirdness & Mutations

You have a pair of large antennae on your head. (SInv)
You are partially covered in molten scales. (AC +2)
Your flesh is heat resistant. (rF+)
You are completely attuned to the shadows.
You are mostly covered in sharp spines.
You are agile. (Dex +2)


Message History

You are engulfed in freezing vapours.
You resist.
You are engulfed in freezing vapours.
You resist.
You enter the shallow water.
Moving in this stuff is going to be slow.
You are engulfed in freezing vapours.
You resist.
You are engulfed in freezing vapours.
You resist.
Really walk into that cloud of freezing vapour? [Y]es or [N]o only, please.
Really walk into that cloud of freezing vapour?
Okay, then.
Really walk into that cloud of freezing vapour? [Y]es or [N]o only, please.
Really walk into that cloud of freezing vapour?
You are engulfed in freezing vapours.
You resist.
You are engulfed in freezing vapours.
You resist.
You are engulfed in freezing vapours.
You resist.
You are engulfed in freezing vapours.
You resist.
You are engulfed in freezing vapours.
You resist.
You are engulfed in freezing vapours.
You resist.
Are you sure you want to abandon this character and quit the game? (Confirm with "yes".)

.## #..☼°§§#§..§.#### .##
#####°.§§#...§°#..### ..#
##...###§§#..###.....## ..#
##.....§.☼☼#...........##
.##
#......##○°....##.......# ##
#....###......##.......## #
#....#........#.......## ##
##.....##.§####°☼....## .#
###....##.@○§§☼☼§.### .####
###....§§§§°§○### ..#○###
####§.§§§°§## ...○○≈###
######☼..### ......○.####
###..§##
...○.......###########°..##
......#.........##...##...##
.....###.#............###..#
....## ######..##.....##...#


There were no monsters in sight!

Vanquished Creatures
  Gastronok (Lair:2)
  A cacodemon (Gauntlet)
  A stone giant (Volcano)
  A minotaur (Gauntlet)
  Fannar (Lair:3)
  2 ice dragons (D:12)
  4 vault guards (D:12)
  A ghost crab (Gauntlet)
  4 hydras
  A catoblepas (D:12)
  A death knight (D:11)
  9 two-headed ogres
  4 centaur warriors
  2 death yaks (Lair:4)
  An ogre mage (D:10)
  4 tengu warriors
  5 orc high priests (Orc)
  A deep troll (D:11)
  2 skeletal warriors (D:11)
  A wizard (D:10)
  2 unseen horrors (D:11)
  A gelid demonspawn (IceCv)
  2 deep elf magi
  2 wolf spiders
  3 orc knights (Orc)
  2 cyclopes
  An orb spider (Lair:2)
  An orc sorcerer (Orc)
  3 ugly things (D:10)
  2 manticores
  2 molten gargoyles (Volcano)
  2 ice statues (IceCv)
  A torpor snail (Lair:4)
  4 elephants (Lair:2)
  3 gargoyles (D:11)
  3 cane toads (Lair:2)
  6 centaur skeletons
  2 komodo dragons (Lair:2)
  2 yaktaurs
  A kobold demonologist (D:11)
  3 efreet
  13 ice devils
  A jumping spider (shapeshifter) (D:11)
  A harpy zombie (D:12)
  A freezing wraith (D:11)
  A tengu conjurer (D:10)
  A polar bear (Lair:2)
  7 trolls
  6 slime creatures
  3 blink frogs (Lair:1)
  4 hippogriffs
  Sigmund (D:3)
  A vampire (D:10)
  A spriggan (D:7)
  2 wyverns (D:10)
  18 yaks
  2 wraiths (D:10)
  7 humans (D:12)
  3 hungry ghosts
  2 neqoxecs (Gauntlet)
  A fire elemental (Volcano)
  3 basilisks
  2 fire bats (Volcano)
  A hog (shapeshifter) (D:12)
  4 vampire mosquitoes
  2 acid dragons
  5 water moccasins
  6 crocodiles
  35 orc warriors
  2 sky beasts
  4 porcupines
  An ice beast (D:12)
  A black bear (D:9)
  4 necrophages
  11 ogres
  2 phantoms
  12 wolves
  14 centaurs
  5 big kobolds
  11 bullfrogs
  3 gnoll sergeants
  A wyvern skeleton (D:9)
  3 earth elementals (Volcano)
  4 scorpions
  A wight (D:10)
  4 killer bees (D:9)
  An electric eel (Lair:3)
  7 crimson imps
  2 howler monkeys
  5 lava snakes (Volcano)
  3 centaur zombies
  A quasit (D:3)
  5 jellies
  4 bullfrog skeletons
  6 hounds
  6 human zombies (D:10)
  30 orc priests
  9 orc wizards
  2 human skeletons (D:10)
  5 iguanas
  2 hell rats (Lair:3)
  4 worker ants
  A mummy (D:10)
  2 worker ant zombies (D:8)
  6 gnolls (D:9)
  17 adders
  9 river rats
  A shadow imp (D:7)
  4 white imps (IceCv)
  7 ufetubi (IceCv)
  3 oozes (Sewer)
  An adder skeleton (D:7)
  4 worms
  2 dart slugs
  11 leopard geckos
  88 orcs
  12 ball pythons
  3 giant cockroaches
  3 goblins (D:1)
  4 hobgoblins
  5 jackals
  4 quokkas
  2 bats
  5 frilled lizards
  26 kobolds
  A quokka skeleton (D:6)
  32 rats
  A fungus (Lair:2)
  A plant (Lair:3)
659 creatures vanquished.

Vanquished Creatures (others)
  A human (D:12)
  An orc wizard (D:8)
  2 white imps (IceCv)
  6 ufetubi (IceCv)
10 creatures vanquished.

Grand Total: 669 creatures vanquished

Notes
Turn   | Place    | Note
-------+----------+-------------------------------------------
     0 | D:1      | galech the Demonspawn Fighter began the quest for the Orb.
     0 | D:1      | Reached XP level 1. HP: 18/18 MP: 1/1
   349 | D:1      | Gained mutation: You have a pair of small antennae on your
                  | head. [demonic ancestry]
   349 | D:1      | Reached XP level 2. HP: 24/24 MP: 2/2
   396 | D:1      | Reached skill level 2 in Axes
   566 | D:1      | Gained mutation: You have a pair of antennae on your head.
                  | [demonic ancestry]
   566 | D:1      | Reached XP level 3. HP: 29/29 MP: 3/3
   819 | D:2      | Found an opulent altar of Gozag.
  1071 | D:2      | Found a bloodstained altar of Trog.
  1239 | D:3      | Gained mutation: You are slightly more attuned to the
                  | shadows. [demonic ancestry]
  1239 | D:3      | Reached XP level 4. HP: 26/35 MP: 4/4
  1261 | D:3      | Found a glowing silver altar of Zin.
  1447 | D:3      | Found a white marble altar of Elyvilon.
  1450 | D:3      | Found an ancient bone altar of Kikubaaqudgha.
  1452 | D:3      | Noticed Sigmund
  1470 | D:3      | Killed Sigmund
  1470 | D:3      | Reached skill level 3 in Axes
  1470 | D:3      | Reached skill level 1 in Dodging
  1470 | D:3      | Reached XP level 5. HP: 22/41 MP: 5/5
  1561 | D:3      | Reached skill level 4 in Axes
  1561 | D:3      | Gained mutation: You are partially covered in sharp spines.
                  | [demonic ancestry]
  1561 | D:3      | Reached XP level 6. HP: 39/47 MP: 6/6
  1572 | D:3      | Found a corrupted altar of Lugonu.
  1876 | D:4      | Gained mutation: You are significantly more attuned to the
                  | shadows. [demonic ancestry]
  1876 | D:4      | Reached XP level 7. HP: 42/53 MP: 7/7
  1974 | D:4      | Found a glowing drain.
  1978 | Sewer    | Entered a sewer
  2214 | Sewer    | Reached skill level 5 in Axes
  2216 | Sewer    | Reached skill level 5 in Shields
  2439 | D:4      | Found a shimmering blue altar of Sif Muna.
  2470 | D:4      | Found a staircase to the Ecumenical Temple.
  2599 | D:4      | Gained mutation: You have a pair of large antennae on your
                  | head. (SInv) [demonic ancestry]
  2599 | D:4      | Reached XP level 8. HP: 60/60 MP: 8/8
  2606 | D:4      | Found a shadowy altar of Dithmenos.
  2696 | D:4      | Found Qootiri's Antique Armour Shoppe.
  2699 | D:4      | Bought a pair of ichor-stained gloves for 228 gold pieces
  2709 | D:4      | Identified the +4 pair of gloves of the Five Visionaries
                  | {rPois Stlth+} (You bought it in a shop on level 4 of the
                  | Dungeon)
  2829 | D:5      | Entered Level 5 of the Dungeon
  2857 | D:5      | Found a transporter.
  2861 | D:5      | Noticed dscm's ghost (amateur OpAc)
  2919 | Temple   | Entered the Ecumenical Temple
  3172 | Temple   | Became a worshipper of Warmaster Okawaru
  3211 | D:5      | Found a transporter.
  4028 | D:6      | Found Neyxiply's Distillery.
  4122 | D:6      | Reached skill level 6 in Axes
  4166 | D:6      | Noticed a hippogriff
  4175 | D:6      | Killed a hippogriff
  4175 | D:6      | Reached * piety under Okawaru
  4360 | D:6      | Reached skill level 5 in Armour
  4479 | D:7      | Reached skill level 7 in Axes
  4486 | D:7      | Gained mutation: You are mostly covered in sharp spines.
                  | [demonic ancestry]
  4486 | D:7      | Reached XP level 9. HP: 37/65 MP: 9/9
  4528 | D:7      | Found Hejokhle's Gadget Emporium.
  5119 | D:7      | Reached skill level 5 in Fighting
  5174 | D:8      | Reached ** piety under Okawaru
  5285 | D:8      | Noticed a two-headed ogre
  5297 | D:8      | Killed a two-headed ogre
  5297 | D:8      | Reached skill level 8 in Axes
  5297 | D:8      | Reached skill level 1 in Stealth
  5371 | D:8      | Noticed a yaktaur
  5372 | D:8      | Noticed a troll
  5380 | D:8      | Killed a troll
  5380 | D:8      | Reached *** piety under Okawaru
  5386 | D:8      | Killed a yaktaur
  5394 | D:8      | Reached XP level 10. HP: 33/75 MP: 10/10
  5544 | D:8      | Found a staircase to the Lair.
  5642 | D:8      | Found a hide-covered altar of Uskayaw.
  5906 | D:8      | Reached skill level 9 in Axes
  6474 | D:4      | Bought a pair of ichor-stained boots for 228 gold pieces
  6484 | D:4      | Identified the +1 pair of boots of Inevitability {Dex+6
                  | Stlth-} (You bought it in a shop on level 4 of the Dungeon)
  6743 | D:9      | Reached **** piety under Okawaru
  6804 | D:9      | Found a staircase to the Orcish Mines.
  7092 | D:9      | Found Jyoshis's Assorted Antiques.
  7322 | D:9      | Reached ***** piety under Okawaru
  7401 | D:10     | Entered Level 10 of the Dungeon
  7401 | D:10     | Noticed a two-headed ogre
  7411 | D:10     | Killed a two-headed ogre
  7411 | D:10     | Reached skill level 10 in Axes
  7411 | D:10     | Gained mutation: You are completely attuned to the shadows.
                  | [demonic ancestry]
  7411 | D:10     | Reached XP level 11. HP: 78/83 MP: 8/11
  7413 | D:10     | Got a crystal whip
  7449 | D:10     | Found a shimmering blue altar of Sif Muna.
  7475 | D:10     | Identified the +5 whip "Vuesusuo" {slash, *Noise rF++
                  | Int+4} (You found it on level 10 of the Dungeon)
  7521 | D:10     | Noticed a deep elf mage
  7536 | D:10     | Killed a deep elf mage
  7609 | D:10     | Noticed a two-headed ogre
  7621 | D:10     | Killed a two-headed ogre
  7701 | D:10     | Noticed a two-headed ogre
  7708 | D:10     | Killed a two-headed ogre
  7711 | D:10     | Noticed a tengu warrior
  7745 | D:10     | Killed a tengu warrior
  7745 | D:10     | Received a gift from Okawaru
  7873 | D:10     | Identified the Grimoire of Enthralling Stones
  7886 | D:10     | Reached skill level 11 in Axes
  7987 | D:10     | Noticed a red ugly thing
  7999 | D:10     | Killed a red ugly thing
  7999 | D:10     | Reached skill level 1 in Invocations
  8036 | D:10     | Noticed an ogre mage
  8048 | D:10     | Killed an ogre mage
  8054 | D:10     | Killed from afar by an orc priest
  8055 | D:10     | Reached XP level 10. HP: -4/80 MP: 10/10
  8105 | D:10     | Found a roughly hewn altar of Beogh.
  8324 | D:10     | Reached XP level 11. HP: 79/86 MP: 11/11
  8362 | D:10     | Found an ancient bone altar of Kikubaaqudgha.
  8442 | D:10     | Noticed a deep elf mage
  8454 | D:10     | Noticed a four-headed hydra
  8524 | D:10     | Identified the +4 hand axe of Buxtyilo {chop, rF+ MP+9
                  | SInv}
  8524 | D:10     | Noticed a wizard
  8529 | D:10     | Paralysed by a wizard for 3 turns
  8534 | D:10     | Killed a wizard
  8655 | D:10     | Identified the amulet of Keloefah {Rage rN+ MR++}
  8655 | D:10     | Noticed a centaur warrior
  8664 | D:10     | Killed a centaur warrior
  8698 | D:10     | Noticed a green ugly thing
  8715 | D:10     | Killed a green ugly thing
  8737 | D:10     | Killed a one-headed hydra
  8752 | D:10     | Noticed a white ugly thing
  8769 | D:10     | Killed a white ugly thing
  8769 | D:10     | Received a gift from Okawaru
  8769 | D:10     | Reached skill level 12 in Axes
  8781 | D:10     | Noticed a wolf spider
  8794 | D:10     | Killed a wolf spider
  9110 | Orc      | Entered the Orcish Mines
  9117 | Orc      | Noticed an orc sorcerer
  9121 | Orc      | Noticed a soul eater
  9131 | Orc      | Killed an orc sorcerer
  9131 | Orc      | Reached skill level 1 in Long Blades
  9131 | Orc      | Reached skill level 10 in Shields
  9407 | Orc      | Noticed an orc high priest
  9417 | Orc      | Killed an orc high priest
  9509 | Orc      | Noticed an orc knight
  9528 | Orc      | Killed an orc knight
  9573 | Orc      | Noticed an orc knight
  9578 | Orc      | Reached XP level 12. HP: 94/94 MP: 13/13
  9578 | Orc      | Noticed an orc high priest
  9591 | Orc      | Killed an orc high priest
  9599 | Orc      | Noticed an orc high priest
  9600 | Orc      | Noticed an orc high priest
  9608 | Orc      | Noticed an orc high priest
  9609 | Orc      | Killed an orc high priest
  9611 | Orc      | Killed an orc high priest
  9611 | Orc      | Reached ****** piety under Okawaru
  9619 | Orc      | Killed an orc high priest
  9623 | Orc      | HP: 4/96 [orc priest/nerve-wracking pain (8)]
  9686 | Orc      | Found Tismusif's Jewellery Shop.
  9688 | Orc      | Found Ufonai's Distillery.
  9689 | Orc      | Found Looko's Assorted Antiques.
  9689 | Orc      | Found Fuoladomn's Gadget Shop.
  9817 | Orc      | Received a gift from Okawaru
  9929 | Orc      | Found Quij's Food Boutique.
 10000 | Orc      | Found a staircase to the Elven Halls.
 10299 | D:6      | Bought a potion of experience for 500 gold pieces
 10299 | D:6      | Reached skill level 13 in Axes
 10299 | D:6      | Reached XP level 13. HP: 101/101 MP: 14/14
 10361 | D:11     | Reached skill level 14 in Axes
 10443 | D:11     | Found a gate leading to a gauntlet.
 10450 | Gauntlet | Entered a Gauntlet
 10453 | Gauntlet | Found a transporter.
 10469 | Gauntlet | Found a transporter.
 10491 | Gauntlet | Found a transporter.
 10491 | Gauntlet | Noticed a death ooze
 10507 | Gauntlet | Found a transporter.
 10531 | Gauntlet | Found a transporter.
 10535 | Gauntlet | Found a transporter.
 10550 | Gauntlet | Found a transporter.
 10550 | Gauntlet | Found a transporter.
 10591 | Gauntlet | Found a transporter.
 10629 | Gauntlet | Found a transporter.
 10642 | Gauntlet | Noticed a cacodemon
 10678 | Gauntlet | Gained mutation: You are agile. (Dex +2) [a cacodemon]
 10686 | Gauntlet | Killed a cacodemon
 10736 | Gauntlet | Got a faintly humming cloak
 10751 | Gauntlet | Identified the +2 cloak of Bad Feelings {rF++} (You found
                  | it in a Gauntlet)
 10887 | Gauntlet | Got a clouded lead amulet
 10896 | Gauntlet | Identified the amulet of Compassion {Gourm rF+ rN+} (You
                  | found it in a Gauntlet)
 10932 | Gauntlet | Noticed a minotaur
 10961 | Gauntlet | Killed a minotaur
 10975 | Gauntlet | Identified the Compendium of Bewitchment
 10979 | Gauntlet | Identified the Volume of Boosts
 11186 | D:11     | Reached skill level 10 in Fighting
 11447 | D:11     | Received a gift from Okawaru
 11511 | D:11     | Gained mutation: Your flesh is heat resistant. (rF+)
                  | [demonic ancestry]
 11511 | D:11     | Reached XP level 14. HP: 97/110 MP: 16/16
 11530 | D:11     | Got a scintillating silver ring
 11714 | D:11     | Identified the ring "Birykh" {Ice Str+2} (You found it on
                  | level 11 of the Dungeon)
 12014 | D:11     | Received a gift from Okawaru
 12017 | D:11     | Got a brightly glowing chain mail {god gift}
 12028 | D:11     | Identified the +4 chain mail "Selid" {Str+6} (Okawaru
                  | gifted it to you on level 11 of the Dungeon)
 12299 | D:12     | Entered Level 12 of the Dungeon
 12967 | D:12     | Found a staircase to the Depths.
 13321 | D:12     | Reached skill level 15 in Axes
 13399 | D:12     | Found a gate to the Vaults.
 13425 | D:12     | Got a jewelled plate armour
 13813 | Lair:1   | Entered Level 1 of the Lair of Beasts
 13819 | Lair:1   | Received a gift from Okawaru
 13824 | Lair:1   | Got a buzzing ring mail {god gift}
 13835 | Lair:1   | Identified the cursed +1 plate armour of Zeaqat Cylar
                  | {Int+4} (You found it on level 12 of the Dungeon)
 13846 | Lair:1   | Identified the +6 ring mail "Earthly Heaven" {rN+ Str+3
                  | Dex+5 Slay-4} (Okawaru gifted it to you on level 1 of the
                  | Lair of Beasts)
 14872 | Lair:2   | Found a dark tunnel.
 14878 | Volcano  | Entered a volcano
 15304 | Volcano  | Found a bloodstained altar of Trog.
 15330 | Volcano  | Noticed a stone giant
 15337 | Volcano  | Killed a stone giant
 15663 | Lair:2   | Gained mutation: You are partially covered in molten
                  | scales. (AC +2) [demonic ancestry]
 15663 | Lair:2   | Reached XP level 15. HP: 117/117 MP: 18/18
 15986 | Lair:2   | Noticed Gastronok
 15999 | Lair:2   | Killed Gastronok
 16215 | Lair:2   | Found a hole to the Spider Nest.
 16727 | Lair:3   | Noticed Fannar
 16733 | Lair:3   | Killed Fannar
 16912 | Lair:3   | Found a staircase to the Shoals.
 17532 | Lair:4   | Found a frozen archway.
 17538 | IceCv    | Entered an ice cave
 17870 | IceCv    | Reached skill level 16 in Axes
 18243 | IceCv    | Quit the game

Skill      XL: |  1  2  3  4  5  6  7  8  9 10 11 12 13 14 15 |
---------------+----------------------------------------------+-----
Axes           | 2 3 4 5 7 8 10 12 13 14 15 16 | 16.0
Shields        | 3 4 5 6 7 8 10 11 12 | 12.8
Armour         | 3 4 5 6 7 8 9 |  9.8
Dodging        | 1 2 3 |  3.4
Fighting       | 4 5 8 9 10 11 | 11.2
Stealth        | 1 2 |  2.6
Invocations    | 1 3 4 |  4.6
Long Blades    | 1 |  1.6

Action                   |  1- 3 |  4- 6 |  7- 9 | 10-12 | 13-15 || total
-------------------------+-------+-------+-------+-------+-------++-------
Melee: War axe           |    94 |   111 |   319 |   518 |       ||  1042
       Hand axe          |       |       |       |   331 |   184 ||   515
       Scimitar          |       |       |       |     6 |     8 ||    14
       Broad axe         |       |       |       |       |   700 ||   700
Invok: Heroism           |       |       |       |    13 |    19 ||    32
       Finesse           |       |       |       |       |     6 ||     6
  Use: Scroll            |     2 |     4 |     1 |     2 |    12 ||    21
       Potion            |       |       |     1 |     8 |     1 ||    10
 Stab: Sleeping          |       |       |       |     1 |     6 ||     7
       Distracted        |       |       |       |     1 |     3 ||     4
  Eat: Chunk             |     4 |     7 |    22 |    32 |    51 ||   116
       Ration            |       |       |       |     1 |     2 ||     3
Armor: Scale mail        |    48 |       |       |       |       ||    48
       Chain mail        |    11 |   105 |   168 |    94 |   314 ||   692
       Plate armour      |       |       |       |   198 |       ||   198
       Crystal plate arm |       |       |       |       |     5 ||     5
Dodge: Dodged            |    20 |    18 |    36 |   128 |   183 ||   385
Block: Medium shield     |    51 |    89 |   255 |   625 |   677 ||  1697
